 Dungeon Crawl Stone Soup version 0.17.0-56-gd8de76c (webtiles) character file.

46 coffecat the Caller (level 3, -4/14 HPs)
             Began as a Felid Summoner on Dec 5, 2015.
             Was an Initiate of Okawaru.
             Slain by an adder (5 damage)
             ... on level 2 of the Dungeon.
             The game lasted 00:09:21 (1566 turns).

coffecat the Caller (Felid Summoner)                Turns: 1566, Time: 00:09:21

Health: -4/14      AC:  1    Str:  4    XL:     3   Next: 44%
Magic:  1/7        EV: 18    Int: 17    God:    Okawaru [......]
Gold:   45         SH:  0    Dex: 16    Spells: 1 memorised, 6 levels left
                                        Lives:  0   Deaths: 0

rFire  . . .     SeeInvis +     (weapon unavailable)
rCold  . . .     Clarity  .     (armour unavailable)
rNeg   . . .     SustAt   .     (shield unavailable)
rPois  .         Gourm    .     (helmet unavailable)
rElec  .         Spirit   .     (cloak unavailable)
rCorr  .         Warding  .     (gloves unavailable)
rMut   .         Stasis   .     (boots unavailable)
MR     .....                    (no amulet)
Stlth  +++.......               (no ring)
                                (no ring)

@: quick, not resistant to hostile enchantments, fairly stealthy
A: no armour, no weapons or thrown items, claws 1, fangs 3, see invisible,
carnivore 3, speed 1, shaggy fur 1, slow metabolism 1, sharp paws
a: Renounce Religion


You were on level 2 of the Dungeon.
You worshipped Okawaru.
Okawaru was noncommittal.
You were very full.

You visited 1 branch of the dungeon, and saw 3 of its levels.

You collected 45 gold pieces.

Inventory:

Jewellery
 h - an uncursed ring of protection from fire {unknown}
 i - an uncursed amulet of clarity {unknown}
Scrolls
 d - 2 scrolls of teleportation {unknown}
 e - a scroll of enchant armour {unknown}
 f - a scroll of remove curse {unknown}
 g - a scroll of immolation {unknown}
 k - a scroll of identify {unknown}
 m - a scroll of random uselessness {unknown}
 n - a scroll of amnesia {unknown}
Potions
 c - a potion of heal wounds {unknown}
 j - a potion of flight {unknown}
 o - a potion of mutation {unknown}
Books
 a - a book of Callings

   Spells                             Type                      Level
   a - Summon Small Mammal            Summoning                    1
   b - Call Imp                       Summoning                    2
   c - Call Canine Familiar           Summoning                    3
   d - Summon Guardian Golem          Hexes/Summoning              3
   e - Summon Lightning Spire         Summoning/Air                4
   f - Summon Ice Beast               Ice/Summoning                4
Comestibles
 b - a meat ration


   Skills:
 + Level 0.2 Fighting
 + Level 3.0 Dodging
 + Level 2.8 Stealth
 + Level 2.6 Spellcasting
 + Level 4.6 Summonings


You had 6 spell levels left.
You knew the following spells:

 Your Spells              Type           Power        Failure   Level  Hunger
a - Summon Small Mammal   Summ           ###.         2%          1    #......


Dungeon Overview and Level Annotations

Branches:
Dungeon (3/15)

Altars:
Okawaru

Annotations:
D:3 coffecat's ghost, weakling HOAK


Innate Abilities, Weirdness & Mutations

You cannot wear armour.
You are incapable of wielding weapons or throwing items.
You have sharp claws.
You have razor-sharp teeth.
You have supernaturally acute eyesight.
You are carnivorous and can eat meat at any time.
You cover ground quickly.
You are covered in fur (AC +1).
You have a slow metabolism.
Your sharp claws are effective at attacking unaware monsters.


Message History

What do you say? t - Meow!
Orders for allies: a - Attack new target. r - Retreat! s - Stop attacking. w - Wait here. f - Follow me.
Anything else - Stay silent.
Gang up on whom?
Press: ? - help, Dir - move target cursor, f - you
Okay, then.
What do you say? t - Meow!
Orders for allies: a - Attack new target. r - Retreat! s - Stop attacking. w - Wait here. f - Follow me.
Anything else - Stay silent.
Gang up on whom?
Press: ? - help, Dir - move target cursor, f - adder
Aim: an adder Attack!
The adder bites you.
You die...

#.. #.#.# #.#.# #.#.# ########
#.#.# #......# #.#.# #....†.#
#.#.# #......#
###########.#.####......#######
.....†........@Sr.........>....
....♣♣♣♣♣♣♣.....##########.###.
# ♣♣#.#.# #.# #. ♣..... #.# #.
♣....... #.# #. ♣.##.##.#
####'###. #.# .# # #.....##.
..# .. #.....##. #♣♣♣♣ #.#
#.....#..


You could see an adder and a friendly rat.

Vanquished Creatures
  A ball python (D:1)
  2 giant cockroaches
  A bat (D:1)
  A giant newt (D:3)
  2 jackals (D:1)
  2 kobolds (D:1)
9 creatures vanquished.

Vanquished Creatures (collateral kills)
  3 adders
  An ooze (D:1)
  3 giant geckos (D:2)
  2 goblins
  5 hobgoblins
  2 jackals (D:1)
  6 kobolds
  A ball python (D:1)
  4 bats
  2 giant newts
  2 rats
31 creatures vanquished.

Grand Total: 40 creatures vanquished

Notes
Turn   | Place    | Note
--------------------------------------------------------------
     0 | D:1      | coffecat the Felid Summoner began the quest for the Orb.
     0 | D:1      | Reached XP level 1. HP: 7/7 MP: 4/4
   412 | D:1      | Reached XP level 2. HP: 11/11 MP: 1/6
   852 | D:2      | Found an iron altar of Okawaru.
  1243 | D:2      | Reached XP level 3. HP: 14/14 MP: 2/7
  1257 | D:2      | Became a worshipper of Warmaster Okawaru
  1521 | D:3      | Noticed coffecat's ghost (weakling HOAK)
  1566 | D:2      | Slain by an adder

Action                   || total
-------------------------++-------
Melee: Unarmed           ||    34
 Cast: Summon Small Mamm ||    72
  Eat: Chunk             ||     9
